 Dungeon Crawl Stone Soup version 0.17-a0-1882-g750edc8 (webtiles) character file.

11429 shakdrar the Bludgeoner (level 11, 0/184 HPs)
             Began as an Ogre Berserker on Sept 22, 2015.
             Was a High Priest of Trog.
             Killed by divine providence
             ... invoked by an orc priest
              (10 damage)
             ... on level 11 of the Dungeon.
             The game lasted 00:36:42 (11191 turns).

shakdrar the Bludgeoner (Ogre Berserker)           Turns: 11191, Time: 00:36:45

Health: 0/184      AC:  6    Str: 29    XL:     11   Next: 77%
Magic:  11/11      EV: 13    Int:  8    God:    Trog [*****.]
Gold:   688        SH:  0    Dex: 10    Spells: 0 memorised, 10 levels left

rFire  . . .     SeeInvis .     a - +5 giant spiked club (elec)
rCold  + . .     Clarity  +     b - +0 animal skin
rNeg   + . .     SustAt   .     (no shield)
rPois  .         Gourm    .     (helmet restricted)
rElec  .         Spirit   .     M - +2 cloak "Celuekas" {rN+ Slay+6}
rCorr  .         Warding  .     (gloves unavailable)
rMut   .         Stasis   .     (boots unavailable)
MR     +....                    N - amulet of clarity
Stlth  ..........               j - ring of protection from cold
                                v - ring of stealth

@: berserking (expiring), very quick, somewhat resistant to hostile
enchantments, extremely unstealthy
A: unfitting armour, tough skin 1
a: Burn Spellbooks, Berserk, Trog's Hand, Brothers in Arms, Renounce Religion


You were on level 11 of the Dungeon.
You worshipped Trog.
Trog was extremely pleased with you.
You were hungry.

You visited 1 branch of the dungeon, and saw 11 of its levels.
You also visited: Ossuary.

You collected 688 gold pieces.

Inventory:

Hand weapons
 a - a +5 giant spiked club of electrocution (weapon)
 n - the +8 hand axe of the Bear {drain, Int+3 SInv}
   (You took it off a gnoll on level 5 of the Dungeon)

   A truly terrible weapon, it drains the life of those it strikes.
   It affects your intelligence (+3).
   It lets you see invisible.
 o - a +1 hunting sling of velocity
 s - a +2 mace of protection
 B - a +1 whip of holy wrath
 P - a +3 dire flail of protection
Missiles
 p - 182 stones (quivered)
 r - 37 poisoned needles
 E - 2 needles of sleeping
Armour
 b - a +0 animal skin (worn)
 M - the +2 cloak "Celuekas" (worn) {rN+ Slay+6}
   (You found it on level 7 of the Dungeon)

   It affects your accuracy and damage with ranged weapons and melee attacks
   (+6).
   It protects you from negative energy.
Jewellery
 f - an uncursed amulet of resist corrosion
 h - an uncursed ring of teleportation
 j - a ring of protection from cold (right hand)
 v - a ring of stealth (left hand)
 N - an amulet of clarity (around neck)
 R - an uncursed amulet of stasis
Magical devices
 x - a wand of confusion (26)
 I - a wand of slowing (34)
 J - a wand of disintegration (24)
Scrolls
 q - 6 scrolls of remove curse
 t - 2 scrolls of teleportation
 y - 3 scrolls of magic mapping
 C - a scroll of enchant armour
 F - 2 scrolls of identify
 K - a scroll of fear
 O - a scroll of blinking
Potions
 e - 4 potions of curing
 g - 2 potions of heal wounds
 i - a potion of agility
 k - a potion of poison {unknown}
 l - 2 potions of might
 u - 2 potions of brilliance
 w - 2 potions of flight
 z - 2 potions of ambrosia {unknown}
 A - a potion of haste {unknown}
 D - a potion of lignification {unknown}
 G - a potion of cancellation {unknown}
Books
 S - a book of Annihilations

   Spells                             Type                      Level
   a - Poison Arrow                   Conjuration/Poison           6
   b - Chain Lightning                Conjuration/Air              8
   c - Lehudib's Crystal Spear        Conjuration/Earth            8
   d - Glaciate                       Conjuration/Ice              9
   e - Fire Storm                     Conjuration/Fire             9
   Trog disapproves of the use of such an item.
Comestibles
 c - 10 bread rations
 d - 4 beef jerkies
 m - 2 slices of pizza
 H - a meat ration
 L - 10 chunks of flesh
 Q - 3 fruits


   Skills:
 + Level 12.1 Fighting
 * Level 16.3 Maces & Flails
 + Level 9.0 Dodging


You had 10 spell levels left.
You didn't know any spells.

Dungeon Overview and Level Annotations

Branches:
Dungeon (11/15)
 Temple: D:4-7         Lair: D:8-11         Orc: D:9-12

Altars:
Cheibriados
Kikubaaqudgha
Sif Muna
Trog
Zin


Innate Abilities, Weirdness & Mutations

You are too large for most types of armour.
You have tough skin (AC +1).


Message History

You kill the orc warrior!
Trog accepts your kill.
You hear a shout!
The bat hits the plant but does no damage. x2
The centaur wields an uncursed shortbow.
The centaur shoots an arrow.
The arrow hits you but does no damage. The bat hits you but does no damage.
The bat hits the plant but does no damage.
The orc wizard gestures wildly while chanting.
The orc wizard seems to speed up.
The orc barely misses you.
The rat bites the plant but does no damage.
The rat bites the fungus.
The bat hits you but does no damage.
You bludgeon the orc!!
You kill the orc!
Trog accepts your kill. The bat closely misses you.
The bat hits you but does no damage.
The trapdoor spider bites the plant!
The orc priest calls down the wrath of Beogh upon you.
Something smites you!
You die... .(... ......# ..P... ......# .....P####....P.. ........b.ooCK... ....PPPPooProbP...

###.#Pr..P.PPPror...
#...##...bPosPob.... #.#.#
#.))bco# ##...# ##)@####
###. #.#..^.# #)(# .c..
#......#####.)#######.r####
#...))().)<..†((r.cc.....
.......#################....
>###..# # .... #.## #


You could see a hill giant, a trapdoor spider, an orc warrior, a centaur, 2 orc
priests, an orc wizard, 5 orcs, 5 bats, a kobold and 4 rats.

Vanquished Creatures
  The ghost of kae the Grappler, an experienced DrTm of Qazlal (D:9)
  An unseen horror (D:10)
  3 hill giants
  A troll (D:7)
  A two-headed ogre (D:10)
  3 wraiths
  A deep elf mage (D:9)
  12 yaks
  A hungry ghost (D:9)
  A spriggan (D:7)
  Grum (D:8)
  A hippogriff (D:7)
  Menkaure (D:7)
  3 wolves (D:8)
  4 water moccasins
  A wasp (D:8)
  2 ice beasts
  4 orc warriors
  A swamp drake (D:10)
  3 sky beasts
  An ogre (D:9)
  2 phantoms
  A necrophage (D:5)
  9 centaurs
  A big kobold (D:11)
  8 giant frogs
  A crocodile (D:11)
  A gnoll sergeant (D:5)
  3 killer bees (D:9)
  2 scorpions
  6 wights
  9 orc wizards
  Crazy Yiuf (D:7)
  6 orc priests
  3 centaur skeletons
  3 crimson imps
  3 jellies
  A quasit (D:8)
  A hound (D:9)
  A giant frog skeleton (D:7)
  7 worker ants
  3 iguanas
  2 killer bee zombies
  A hound zombie (D:8)
  3 worker ant zombies
  9 adders
  18 gnolls
  4 river rats
  A shadow imp (D:8)
  An ooze (D:5)
  2 adder zombies (Ossuary)
  4 worms
  4 giant geckos
  33 orcs
  3 giant cockroaches
  10 hobgoblins
  6 jackals
  A quokka (D:5)
  2 ball pythons (D:1)
  2 ball python skeletons (Ossuary)
  7 bats
  A giant gecko skeleton (D:9)
  A giant gecko zombie (D:7)
  6 giant newts
  9 goblins
  2 hobgoblin skeletons (Ossuary)
  A jackal skeleton (D:4)
  A jackal zombie (D:6)
  11 kobolds
  A kobold zombie (Ossuary)
  2 orc zombies (Ossuary)
  10 rats
  A rat zombie (D:9)
  A fungus (D:7)
279 creatures vanquished.

Vanquished Creatures (others)
  2 orcs
  12 fungi (D:11)
  3 plants (D:11)
17 creatures vanquished.

Grand Total: 296 creatures vanquished

Notes
Turn   | Place    | Note
--------------------------------------------------------------
     0 | D:1      | shakdrar the Ogre Berserker began the quest for the Orb.
     0 | D:1      | Reached XP level 1. HP: 24/24 MP: 1/1
   321 | D:1      | Reached XP level 2. HP: 29/32 MP: 2/2
  1010 | D:1      | Reached skill level 5 in Maces & Flails
  1157 | D:1      | Reached XP level 3. HP: 40/40 MP: 3/3
  1217 | D:2      | Acquired Trog's second power
  1625 | D:2      | Reached XP level 4. HP: 45/49 MP: 4/4
  2586 | D:3      | Reached skill level 6 in Maces & Flails
  2786 | D:3      | Reached XP level 5. HP: 34/55 MP: 5/5
  3218 | D:3      | Noticed an orc warrior
  3246 | D:4      | Reached skill level 5 in Fighting
  3393 | D:4      | Noticed a phantom
  3420 | D:4      | Killed a phantom
  3420 | D:4      | Reached skill level 7 in Maces & Flails
  3420 | D:4      | Reached XP level 6. HP: 46/66 MP: 6/6
  4158 | D:5      | Entered Level 5 of the Dungeon
  4172 | D:5      | Reached skill level 8 in Maces & Flails
  4172 | D:5      | Reached XP level 7. HP: 65/74 MP: 7/7
  4228 | D:5      | Found a glowing silver altar of Zin.
  4381 | D:5      | Got a crude hand axe {drain}
  4382 | D:5      | Identified the +8 hand axe of the Bear {drain, Int+3 SInv} (You took it off a gnoll on level 5 of the Dungeon)
  4631 | D:5      | Acquired Trog's third power
  4631 | D:5      | Reached skill level 9 in Maces & Flails
  4935 | D:5      | Reached XP level 8. HP: 72/84 MP: 8/8
  5145 | D:6      | Received a gift from Trog
  5274 | D:6      | Reached skill level 5 in Dodging
  5411 | D:6      | Reached skill level 10 in Maces & Flails
  5699 | D:6      | You fall through a shaft for 2 floors!
  5699 | D:8      | Noticed Grum
  5711 | D:8      | Reached skill level 11 in Maces & Flails
  5713 | D:8      | Reached XP level 9. HP: 22/96 MP: 9/9
  5714 | D:8      | Killed Grum
  6217 | D:8      | Found a snail-covered altar of Cheibriados.
  6226 | D:8      | Reached skill level 12 in Maces & Flails
  6699 | D:7      | Found a sand-covered staircase.
  6704 | Ossuary  | Entered an ossuary
  7284 | D:7      | Reached skill level 13 in Maces & Flails
  7387 | D:7      | Reached XP level 10. HP: 56/110 MP: 10/10
  7759 | D:7      | Got an ichor-stained cloak
  7770 | D:7      | Identified the +2 cloak "Celuekas" {rN+ Slay+6} (You found it on level 7 of the Dungeon)
  7783 | D:7      | Reached skill level 10 in Fighting
  7938 | D:7      | Noticed a hill giant
  7945 | D:7      | Killed a hill giant
  8165 | D:7      | Noticed Menkaure
  8170 | D:7      | Killed Menkaure
  8342 | D:7      | Noticed Crazy Yiuf
  8348 | D:7      | Killed Crazy Yiuf
  8409 | D:8      | Reached skill level 14 in Maces & Flails
  8672 | D:8      | You fall through a shaft!
  8672 | D:9      | Noticed kae's ghost (experienced DrTm)
  8677 | D:9      | Killed kae's ghost
  8809 | D:9      | Reached XP level 11. HP: 118/120 MP: 11/11
  9103 | D:9      | Reached skill level 15 in Maces & Flails
  9151 | D:9      | Found a deep blue altar of Sif Muna.
  9217 | D:9      | Found an ancient bone altar of Kikubaaqudgha.
  9270 | D:9      | Found a bloodstained altar of Trog.
 10258 | D:10     | Entered Level 10 of the Dungeon
 10412 | D:10     | Received a gift from Trog
 10554 | D:10     | Noticed a hill giant
 10559 | D:10     | Killed a hill giant
 10570 | D:10     | Noticed an unseen horror
 10594 | D:10     | Killed an unseen horror
 10727 | D:10     | Reached skill level 16 in Maces & Flails
 11104 | D:11     | Noticed a hill giant
 11109 | D:11     | Killed a hill giant
 11187 | D:11     | Noticed a hill giant
 11191 | D:11     | Killed from afar by an orc priest

Vault maps used:
D:1:      scummos_arrival_simple_crosswalls
D:2:      grunt_decor_arrowhead
D:3:      st_stairs_7
D:4:      minmay_misc_feat_secret_circle, dk_noncrumbling_4, solitary_fountain
D:5:      nicolae_overflow_crystal_walls, first_bread
D:6:      nicolae_tso_swordbearing_angel, minmay_temple_entry_purple_smoke,
          uniq_edmund
D:7:      enter_ossuary_5, the_bakery, minmay_misc_feat_alley,
          minmay_misc_feat_plants, hangedman_minor_gate_pass,
          uniq_crazy_yiuf_cottage, uniq_menkaure
D:8:      lemuel_crystal_altar, lemuel_doored_altar, uniq_grum
D:9:      lemuel_zombie_altar_kikubaaqudgha, lightli_temple_of_fire,
          lemuel_blue_sif_altar
D:10:     pond
D:11:     grunt_lair_entry_elf_guard_hut, orc_0_dummy, spider_trap,
          uniq_josephine, uniq_maud
Ossuary:  ossuary_due_cavern

Action                   |  1- 3 |  4- 6 |  7- 9 | 10-12 || total
-------------------------+-------+-------+-------+-------++-------
Melee: Mace              |    94 |   166 |    41 |       ||   301
       Hand axe          |       |       |   164 |    50 ||   214
       Whip              |       |       |    70 |    16 ||    86
       Giant spiked club |       |       |       |   189 ||   189
Invok: Berserk           |       |       |     2 |     3 ||     5
  Use: Scroll            |     5 |     2 |     3 |    13 ||    23
       Potion            |       |       |       |     3 ||     3
 Stab: Sleeping          |       |     7 |     9 |     5 ||    21
       Distracted        |       |       |     1 |       ||     1
       Confused          |       |       |       |     2 ||     2
  Eat: Chunk             |     2 |     8 |    11 |    12 ||    33
       Royal jelly       |       |       |     1 |       ||     1
       Pizza             |       |       |       |     2 ||     2
